 Dungeon Crawl Stone Soup version 0.29.1-13-g9f3cf754e1 (webtiles) character file.

Game seed: 12560395664115032269

380 protoss039 the Digger (level 6, -3/46 HPs)
             Began as a Demonspawn Earth Elementalist on Feb 11, 2023.
             Was an Initiate of Vehumet.
             Succumbed to a water moccasin's poison
             ... on level 5 of the Dungeon.
             The game lasted 00:06:27 (4232 turns).

protoss039 the Digger (DsEE)                        Turns: 4232, Time: 00:06:27

Health: -3/46      AC:  6    Str:  8    XL:     6   Next: 46%
Magic:  0/11       EV: 12    Int: 19    God:    Vehumet [......]
Gold:   122        SH:  3    Dex: 13    Spells: 5/11 levels left

rFire   . . .      SeeInvis .   n - +3 dagger (venom)
rCold   . . .      Faith    .   r - +0 buckler
rNeg    . . .      Spirit   +   a - +0 robe
rPois   .          Reflect  .   o - +0 helmet
rElec   .          Harm     .   q - +0 cloak
rCorr   .          Rampage  .   (no gloves)
Will    .....                   (no boots)
Stlth   ++........              (no amulet)
HPRegen 0.15/turn               (no ring)
MPRegen 0.24/turn               (no ring)

@: lethally poisoned (-3 -> -21)
A: slimy green scales 1, magic shield, magic regeneration
a: Renounce Religion


You were on level 5 of the Dungeon.
You worshipped Vehumet.
Vehumet was noncommittal.
You visited 2 branches of the dungeon, and saw 6 of its levels.

You collected 142 gold pieces.
You spent 20 gold pieces at shops.

Inventory:

Hand Weapons
 n - a +3 dagger of venom (weapon)
Armour
 a - a +0 robe (worn)
 o - a +0 helmet (worn)
 q - a +0 cloak (worn)
 r - a +0 buckler (worn)
Magical Staves
 j - a staff of air
Wands
 l - a wand of mindburst (14)
Scrolls
 c - 2 scrolls of identify
 d - a scroll of teleportation {unknown}
 f - a scroll of amnesia {unknown}
 g - a scroll of blinking
 h - a scroll of immolation {unknown}
 k - a scroll of noise {unknown}
 m - a scroll of vulnerability {unknown}
 p - a scroll of poison {unknown}
 s - a scroll of silence {unknown}
 t - a scroll of magic mapping
Potions
 b - 2 potions of magic
 i - 2 potions of flight


   Skills:
 + Level 2.7 Fighting
 * Level 2.5 Dodging
 * Level 2.6 Stealth
 + Level 0.9 Shields
 + Level 3.4 Spellcasting
 + Level 1.5 Conjurations
 - Level 1.0 Transmutations
 + Level 4.0 Earth Magic


You had 5 spell levels left.
You knew the following spells:

 Your Spells              Type           Power      Damage    Failure   Level
a - Sandblast             Erth           36%        2d10      3%          1
b - Passwall              Tmut/Erth      10%        N/A       11%         2
c - Stone Arrow           Conj/Erth      26%        3d8       19%         3

Your spell library contained the following spells:

 Spells                   Type           Power      Damage    Failure   Level
 Petrify                  Tmut/Erth      12%        N/A       56%         4
 Lee's Rapid Deconstruct  Erth           9%         3d8*      71%         5
 Fulminant Prism          Conj/Hex       3%         3d6       82%         4
 Iskenderun's Mystic Bla  Conj/Tloc      6%         2d4       82%         4


Dungeon Overview and Level Annotations

Branches:
Dungeon (5/15) Zot: 25843  Temple (1/1) D:4 Zot: 5858

Altars:
Dithmenos
Fedhas
Kikubaaqudgha
Makhleb
Nemelex Xobeh
Okawaru
Sif Muna
Trog
Vehumet
Wu Jian
Yredelemnul

Shops:
D:3 *   D:4 [

Annotations:
D:4 1 runed translucent door, HumanPerson's ghost, novice FoFi


Innate Abilities, Weirdness & Mutations

You are partially covered in slimy green scales. (AC +2)
When hurt, damage is shared between your health and your magic reserves.
You regenerate magic rapidly.


Message History

It was a scroll of magic mapping.
The centaur shoots an arrow.
The arrow barely misses you. The water moccasin bites you.
You are poisoned.
The water moccasin poisons you! The quokka barely misses you.
The centaur shoots an arrow.
The arrow misses you.
Unknown command.
Unknown command.
Okay, then.
Casting: Sandblast (safe; 3% risk of failure)
Confirm with . or Enter, or press ? or * to list all spells.
Aiming: Sandblast (safe; 3% risk of failure)
Press: ? - help, Shift-Dir - straight line, f/p - water moccasin
Aim: a water moccasin (severely wounded, 70% to hit)
The blast of sand hits the water moccasin.
The water moccasin is severely wounded.
* * * LOW HITPOINT WARNING * * *
You feel very sick. You block the water moccasin's attack.
The quokka barely misses you.
The centaur shoots an arrow.
The arrow hits you.
* * * LOW HITPOINT WARNING * * *
The water moccasin closely misses you. The quokka barely misses you.
Unknown command.
You feel better. The water moccasin bites you.
You are lethally poisoned!
The water moccasin poisons you!
The centaur unwields a +0 shortbow.
The centaur barely misses you. You block the centaur's attack.
The quokka bites you.
* * * LOW HITPOINT WARNING * * *
The water moccasin bites you!
* * * LOW HITPOINT WARNING * * *
Unknown command.
Unknown command.
Blink to where?
Press: ? - help, Dir - move target, f - you, p - water moccasin Are you sure you want to cancel this blink?
Blink to where?
Press: ? - help, Dir - move target
As you read the scroll labelled EBOKOV ECZO, it crumbles to dust.
It was a scroll of blinking.
You die...

,,*,,,,*,,,,**#.........,,,,,,,,,
,,,,,,,,,**,**#.........,,,**,*,*
,,,,,*,,**,,,*,<........,,,**,*,*
,,,*,*,,,,,,,####.....#####**,*,,
,,**,*,,,,,*,.............#**,***
,,,*,**,*#####*#..........#,*,,,,
,,,*,,,,,,...# #..........#,*****
,,,****>,,*#.###..........#,,,,,,
,,** **,,,*#<.†.@.........#,,,,,,
,,,* *,,,,,#.####.........#,,,,,,
,,,* *,,**,#.# #.........#,,,,,,
,,,***,,**<#.# #.........####...
,,,*,,,,,,,..# #................
**,,,,,,,,,### #.....rc..####...
***,,,,,,,,* #......§..# *,,,
*,,,,,,*,* #.....S...# *,,,
*,,,,,,*,*** #.........# ****


You could see a water moccasin, a centaur and a quokka.

Vanquished Creatures
  2 scorpions (D:4)
  A hound (D:4)
  2 iguanas
  Robin (D:3)
  4 adders
  2 worms (D:4)
  6 dart slugs
  4 orcs
  10 ball pythons
  9 endoplasms
  8 giant cockroaches
  13 goblins
  10 hobgoblins
  6 kobolds
  7 quokkas
  6 bats
  3 frilled lizards
  7 rats
101 creatures vanquished.

Notes
Turn   | Place    | Note
-------+----------+-------------------------------------------
     0 | D:1      | protoss039 the Demonspawn Earth Elementalist began the
                  | quest for the Orb.
     0 | D:1      | Reached XP level 1. HP: 13/13 MP: 3/3
   232 | D:1      | Gained mutation: You regenerate magic rapidly. [demonic
                  | ancestry]
   232 | D:1      | Reached XP level 2. HP: 20/20 MP: 3/5
   263 | D:1      | Reached skill level 1 in Fighting
   264 | D:1      | Reached skill level 3 in Earth Magic
   690 | D:1      | Reached XP level 3. HP: 26/26 MP: 3/6
   722 | D:1      | Found a faded altar of an unknown god.
  1076 | D:1      | Learned a level 2 spell: Passwall
  1638 | D:2      | Reached XP level 4. HP: 31/33 MP: 8/8
  2122 | D:2      | Learned a level 3 spell: Stone Arrow
  2174 | D:3      | Found Lehuome's General Store.
  2193 | D:3      | Bought a scroll of identify for 20 gold pieces
  2409 | D:3      | Found a shimmering blue altar of Sif Muna.
  2525 | D:3      | Noticed Robin
  2536 | D:3      | Killed Robin
  2537 | D:3      | Gained mutation: When hurt, damage is shared between your
                  | health and your magic reserves. [demonic ancestry]
  2537 | D:3      | Reached XP level 5. HP: 39/39 MP: 1/9
  2629 | D:3      | Reached skill level 1 in Conjurations
  2821 | D:3      | Found a bloodstained altar of Trog.
  3057 | D:4      | Reached skill level 1 in Transmutations
  3142 | D:4      | Found a runed translucent door.
  3142 | D:4      | Noticed HumanPerson's ghost (novice FoFi)
  3447 | D:4      | Gained mutation: You are partially covered in slimy green
                  | scales. (AC +2) [demonic ancestry]
  3447 | D:4      | Reached XP level 6. HP: 32/46 MP: 4/10
  3601 | D:4      | Found a staircase to the Ecumenical Temple.
  3610 | Temple   | Entered the Ecumenical Temple
  3735 | Temple   | Became a worshipper of Vehumet
  3753 | D:4      | Found Joshrac's Armour Emporium.
  4003 | D:4      | Reached skill level 4 in Earth Magic
  4181 | D:5      | Entered Level 5 of the Dungeon
  4215 | D:5      | Noticed a water moccasin
  4231 | D:5      | HP: 1/46 [water moccasin (8)]
  4232 | D:5      | Succumbed to a water moccasin's poison

Illustrated notes

Levels and vault maps discovered:
D:1:      sevenhm_arrival_forest_fort_large_4, layout_basic,
          hellmonk_ecumenical_altar_defaced_shrine
D:2:      layout_basic, chequers_arboretum, minmay_misc_feat_columns,
          nicolae_concentric_dashed_squares_mild
D:3:      layout_loops_ring, lightli_temple_of_fire,
          gammafunk_temple_overflow_statue, serial_shops, shop_statue,
          minivault_24, uniq_robin
D:4:      layout_basic, minmay_temple_entry_trees,
          hellmonk_ghost_happy_afterlife, nicolae_stop_n_shop_2, minivault_19
D:5:      layout_basic, nicolae_ru_sacrificial_ziggurat,
          nzn_hepliaklqana_mist_gate
Temple:   jpeg_temple_clearing

Skill      XL: |  1  2  3  4  5  6 |
---------------+-------------------+-----
Fighting       | 1 2 |  2.7
Earth Magic    | 3 4 |  4.0
Spellcasting   | 3 |  3.4
Conjurations   | 1 |  1.5
Transmutations | 1 |  1.0
Dodging        | 2 |  2.5
Stealth        | 2 |  2.6
Shields        | |  0.9

Action                   |  1- 3 |  4- 6 || total
-------------------------+-------+-------++-------
Melee: Unarmed           |     3 |       ||     3
       Spear             |    24 |       ||    24
       Dagger            |     3 |    43 ||    46
 Cast: Sandblast         |    62 |    75 ||   137
  Use: Scroll            |       |     4 ||     4
       Potion            |       |     2 ||     2
 Stab: Sleeping          |     1 |     1 ||     2
Armor: Robe              |    12 |    13 ||    25
Dodge: Dodged            |    42 |    45 ||    87
Block: Buckler           |       |    10 ||    10
